 Dungeon Crawl Stone Soup version 0.23.2-1-ga50397a (webtiles) character file.

Game seed: 5597361769165519034

553 mopl the Ruffian (level 7, -6/52 HPs)
             Began as a Minotaur Transmuter on May 11, 2019.
             Was an Initiate of Cheibriados.
             Mangled by Sigmund
             ... wielding a +4 scythe
              (10 damage)
             ... on level 5 of the Dungeon.
             The game lasted 00:05:05 (4256 turns).

mopl the Ruffian (Minotaur Transmuter)              Turns: 4256, Time: 00:05:05

Health: -6/52      AC:  4    Str: 15    XL:     7   Next: 8%
Magic:  9/9        EV: 12    Int: 13    God:    Cheibriados [......]
Gold:   171        SH:  0    Dex:  9    Spells: 0/10 levels left

rFire    . . .     SeeInvis .   c - +2 spear (freeze)
rCold    . . .     Gourm    .   (no shield)
rNeg     . . .     Faith    .   p - +2 robe {MR+}
rPois    .         Spirit   .   (helmet restricted)
rElec    .         Reflect  .   (no cloak)
rCorr    +         Harm     .   (no gloves)
MR       +....                  (no boots)
Stlth    +.........             (no amulet)
HPRegen  0.17/turn              n - -3 ring of dexterity (curse)
MPRegen  0.11/turn              s - ring of resist corrosion

@: very slow
A: retaliatory headbutt, horns 2
a: Bend Time, Renounce Religion


You were on level 5 of the Dungeon.
You worshipped Cheibriados.
Cheibriados was noncommittal.
You were not hungry.

You visited 2 branches of the dungeon, and saw 6 of its levels.

You collected 171 gold pieces.

Inventory:

Hand Weapons
 c - a +2 spear of freezing (weapon)
Missiles
 a - 43 arrows
 f - 123 stones (quivered)
Armour
 p - a +2 robe of magic resistance (worn)
Jewellery
 n - a cursed -3 ring of dexterity (left hand)
 s - a ring of resist corrosion (right hand)
Scrolls
 h - 4 scrolls of remove curse {unknown}
 j - a scroll of random uselessness {unknown}
 k - 3 scrolls of identify {unknown}
 l - 2 scrolls of enchant armour {unknown}
 m - 2 scrolls of immolation {unknown}
Potions
 b - a potion of magic
 e - a potion of flight {unknown}
 g - a potion of mutation {unknown}
 i - a potion of heal wounds {unknown}
 o - a potion of ambrosia {unknown}
 r - 2 potions of brilliance {unknown}
 t - 3 potions of curing {unknown}
Comestibles
 d - 7 rations


   Skills:
 - Level 1.2 Fighting
 + Level 2.5 Dodging
 + Level 5.8 Unarmed Combat
 - Level 2.0 Spellcasting
 + Level 4.0 Transmutations
 + Level 0.0 Ice Magic
 - Level 2.0 Poison Magic
 + Level 0.9 Invocations


You couldn't memorise any spells.
You knew the following spells:

 Your Spells              Type           Power        Failure   Level  Hunger
a - Beastly Appendage     Tmut           ##....       4%          1    ##.....
b - Spider Form           Tmut/Pois      #.........   22%         3    ####...
d - Ice Form              Ice/Tmut       #.......     73%         4    #####..
w - Sticks to Snakes      Tmut           ##......     8%          2    ###....

Your spell library contained the following spells:

 Spells                   Type           Power        Failure   Level  Hunger
 Blade Hands              Tmut           ##........   80%         5    ######.


Dungeon Overview and Level Annotations

Branches:
Dungeon (5/15)             Temple (1/1) D:4

Altars:
Ashenzari
Cheibriados
Elyvilon
Fedhas
Gozag
Hepliaklqana
Kikubaaqudgha
Makhleb
Okawaru
Qazlal
Trog
Uskayaw
Vehumet
Wu Jian
Xom
Yredelemnul
Zin
The Shining One

Annotations:
D:5 Sigmund


Innate Abilities, Weirdness & Mutations

You reflexively headbutt those who attack you in melee.
You have a pair of horns on your head.


Message History

Sigmund is lightly wounded.
Sigmund mumbles some strange words.
Sigmund flickers and vanishes!
Deactivating autopickup; reactivate with Ctrl-A.
You barely miss something.
You hear some strange, mumbled words.
A magic dart appears from out of thin air!
The magic dart hits you!
* * * LOW HITPOINT WARNING * * *
Unknown command.
Something barely misses you.
Your transformation has ended.
Your +2 spear of freezing unmelds from your body.
Your +2 robe of magic resistance unmelds from your body.
Your +2 spear of freezing glows with a cold blue light!
You feel resistant to hostile enchantments.
Something hits you!
* * * LOW HITPOINT WARNING * * *
It was a potion of magic.
Magic courses through your body. Something hits you!
You die...

≈.####.#.##...#
#....# ≈≈
#...##...# ....# .≈
#........# ..#
#...##.#.####..####
#.........#...@....
#...##.#..#$###
#..>...#..<...#
#.#.####..#.#.#
#...##....#@#.#
######.#......#
#....#.### ####.#.#
#.#.# #...# ###


There were no monsters in sight!

Vanquished Creatures
  A hippogriff (D:4)
  A howler monkey (D:4)
  A centaur skeleton (D:4)
  Natasha (twice) (D:4)
  An iguana (D:4)
  3 worker ants (D:4)
  A gnoll (D:1)
  6 adders
  3 oozes
  2 dart slugs
  4 leopard geckos
  An orc (D:5)
  2 ball pythons
  7 bats
  2 giant cockroaches
  13 goblins
  7 hobgoblins
  9 jackals
  4 kobolds
  A frilled lizard (D:5)
  2 rats (D:2)
73 creatures vanquished.

Notes
Turn   | Place    | Note
-------+----------+-------------------------------------------
     0 | D:1      | mopl the Minotaur Transmuter began the quest for the Orb.
     0 | D:1      | Reached XP level 1. HP: 16/16 MP: 1/1
    31 | D:1      | Reached XP level 2. HP: 13/23 MP: 0/3
   211 | D:1      | Learned a level 2 spell: Sticks to Snakes
   286 | D:1      | Reached skill level 2 in Transmutations
   539 | D:1      | Reached XP level 3. HP: 28/28 MP: 4/4
   935 | D:2      | Reached skill level 4 in Unarmed Combat
   935 | D:2      | Reached skill level 2 in Spellcasting
  1083 | D:2      | Learned a level 3 spell: Spider Form
  1265 | D:2      | Reached XP level 4. HP: 35/35 MP: 6/6
  1851 | D:3      | Found a glowing golden altar of the Shining One.
  2687 | D:4      | Noticed a hippogriff
  2706 | D:4      | Killed a hippogriff
  2706 | D:4      | Reached skill level 5 in Unarmed Combat
  2706 | D:4      | Reached skill level 3 in Transmutations
  2706 | D:4      | Reached skill level 1 in Poison Magic
  2706 | D:4      | Reached XP level 5. HP: 19/40 MP: 1/7
  2706 | D:4      | Reached XP level 6. HP: 23/47 MP: 1/8
  2872 | D:4      | Reached skill level 2 in Poison Magic
  3029 | D:4      | Noticed Natasha
  3047 | D:4      | Killed Natasha
  3136 | D:4      | Noticed Natasha
  3145 | D:4      | Killed Natasha
  3168 | D:4      | Found a staircase to the Ecumenical Temple.
  3176 | Temple   | Entered the Ecumenical Temple
  3202 | Temple   | Became a worshipper of Cheibriados the Contemplative
  3769 | D:4      | Reached XP level 7. HP: 41/52 MP: 9/9
  3891 | D:4      | Reached skill level 4 in Transmutations
  3974 | D:4      | Learned a level 4 spell: Ice Form
  4149 | D:5      | Entered Level 5 of the Dungeon
  4177 | D:5      | Found an iron altar of Okawaru.
  4234 | D:5      | Noticed Sigmund
  4256 | D:5      | Mangled by Sigmund

Skill      XL: |  1  2  3  4  5  6  7 |
---------------+----------------------+-----
Transmutations | 2 3 4 |  4.0
Unarmed Combat | 4 5 |  5.8
Spellcasting   | 2 |  2.0
Poison Magic   | 1 2 |  2.0
Fighting       | |  1.2
Dodging        | |  2.5
Invocations    | |  0.9

Action                   |  1- 3 |  4- 6 |  7- 9 || total
-------------------------+-------+-------+-------++-------
Melee: Unarmed           |    29 |    22 |     9 ||    60
       Headbutt          |     7 |     6 |       ||    13
       Kick              |     1 |     1 |       ||     2
       Spear             |    54 |   101 |     8 ||   163
 Cast: Beastly Appendage |     3 |     1 |       ||     4
       Spider Form       |       |     3 |     1 ||     4
  Use: Potion            |       |       |     1 ||     1
 Stab: Sleeping          |     3 |       |       ||     3
  Eat: Chunk             |     1 |     8 |     3 ||    12
Armor: Robe              |    15 |    21 |     2 ||    38
       Skin              |       |     1 |       ||     1
Dodge: Dodged            |    51 |    69 |     9 ||   129
